 Dungeon Crawl Stone Soup version 0.21-a0-279-g6037ffb (webtiles) character file.

46571 CanOfBees the Warrior (level 14, -4/138 HPs)
             Began as a Minotaur Monk on Sept 21, 2017.
             Was the Champion of Wu Jian.
             Slain by a very large slime creature (15 damage)
             ... on level 12 of the Dungeon on Sept 23, 2017.
             The game lasted 00:49:22 (23824 turns).

CanOfBees the Warrior (Minotaur Monk)              Turns: 23824, Time: 00:49:22

Health: -4/138     AC: 22    Str: 19    XL:     14   Next: 5%
Magic:  17/17      EV: 17    Int:  7    God:    Wu Jian [******]
Gold:   942        SH:  0    Dex: 22    Spells: 13/13 levels left

rFire    + . .     SeeInvis .   l - +2 glaive (venom)
rCold    . . .     Gourm    .   (shield currently unavailable)
rNeg     . . .     Faith    .   N - +8 chain mail {rF+}
rPois    +         Spirit   .   (helmet unavailable)
rElec    .         Reflect  .   (no cloak)
rCorr    .         Harm     .   o - +2 pair of gloves
MR       +....     Clarity  +   (no boots)
Stlth    ..........             (no amulet)
HPRegen  0.33/turn              I - +3 ring of strength
MPRegen  0.15/turn              J - +4 ring of dexterity

@: no status effects
A: retaliatory headbutt, horns 3, clarity, poison resistance, shaggy fur 1
a: Serpent's Lash, Heavenly Storm, Renounce Religion


You were on level 12 of the Dungeon.
You worshipped Wu Jian.
Wu Jian was exalted by your worship.
You were not hungry.

You visited 4 branches of the dungeon, and saw 20 of its levels.

You collected 1320 gold pieces.
You spent 378 gold pieces at shops.

Inventory:

Hand Weapons
 l - a +2 glaive of venom (weapon)
 A - a +3 spear of freezing
Missiles
 p - 3 javelins
 H - 13 tomahawks (quivered)
Armour
 o - a +2 pair of gloves (worn)
 N - a +8 chain mail of fire resistance (worn)
Jewellery
 a - an uncursed ring of resist corrosion
 C - an uncursed ring of protection from fire
 I - a +3 ring of strength (left hand)
 J - a +4 ring of dexterity (right hand)
 K - an uncursed ring of flight
Wands
 f - a wand of polymorph (11/24)
 m - a wand of confusion (27/48)
 q - a wand of random effects (20/48)
 B - a wand of confusion (28/48)
 D - a wand of polymorph (11/24)
 L - a wand of paralysis (10/24)
 O - a wand of iceblast (3/15)
 R - a wand of confusion (37/48)
 S - a wand of lightning (7/15)
 V - a wand of random effects (17/48)
 W - a wand of clouds (4/9)
Scrolls
 b - 7 scrolls of remove curse
 e - a scroll of identify
 i - 2 scrolls of immolation
 j - 10 scrolls of teleportation
 n - 2 scrolls of summoning
 r - 2 scrolls of blinking {unknown}
 v - 3 scrolls of magic mapping
 x - a scroll of fog {unknown}
 y - 4 scrolls of recharging
 F - a scroll of silence {unknown}
 P - a scroll of brand weapon {unknown}
 T - 3 scrolls of fear {unknown}
 Z - a scroll of random uselessness {unknown}
Potions
 d - 2 potions of ambrosia
 h - 3 potions of brilliance
 k - 3 potions of haste
 t - 2 potions of magic
 u - 4 potions of flight
 w - a potion of might
 z - a potion of resistance {unknown}
 M - 3 potions of curing
 Q - 2 potions of invisibility
 X - 2 potions of agility {unknown}
Miscellaneous
 Y - a fan of gales
Comestibles
 c - 7 bread rations
 g - 8 meat rations
 s - 12 fruits
 E - 9 royal jellies


   Skills:
 * Level 16.5 Fighting
 * Level 16.2 Polearms
 - Level 6.0 Armour
 + Level 13.1 Dodging
 - Level 1.9 Stealth
 + Level 5.6 Evocations


You had 13 spell levels left.
You didn't know any spells.

Dungeon Overview and Level Annotations

Branches:
Dungeon (12/15)            Temple (1/1) D:5            Lair (6/6) D:8
 Shoals (0/4) Lair:4        Slime (1/5) Lair:6          Orc (0/2) D:9
  Snake: Lair:2-4    Spider: Lair:2-4

Altars:
Dithmenos
Elyvilon
Fedhas
Hepliaklqana
Kikubaaqudgha
Makhleb
Okawaru
Qazlal
Sif Muna
Uskayaw
Wu Jian
Xom
Yredelemnul
Zin
The Shining One
Jiyva

Shops:
D:6 *

Annotations:
D:5 1 runed door


Innate Abilities, Weirdness & Mutations

You reflexively headbutt those who attack you in melee.
You have a pair of large horns on your head.
You possess an exceptional clarity of mind.
Your system is resistant to poisons. (rPois)
You are covered in fur. (AC +1)


Message History

The very large slime creature is severely wounded.
You slash the very large slime creature!
You headbutt the very large slime creature.
The very large slime creature is severely wounded.
The very large slime creature completely misses you.
You hit the very large slime creature but do no damage.
The very large slime creature is severely wounded.
The very large slime creature hits you!!
* * * LOW HITPOINT WARNING * * *
An orc comes into view. It is wielding a whip.
You slash the very large slime creature!
Your headbutt misses the very large slime creature.
The very large slime creature is almost dead.
The very large slime creature hits you!
* * * LOW HITPOINT WARNING * * *
You hit the very large slime creature.
You headbutt the very large slime creature!!
The very large slime creature is almost dead.
The very large slime creature hits you!
You die...

#...... #..... #....
.... #.. . #.# ...
##.#.####.######.....
#.......@J...o........
#.#.##.###.#.[........
#.#........#..........
######
#[..#...#..#..........
.....#
#...#......#..........
.....#
#...#.#.#..#..........
.....#
#..........#....<.....
.....#
#..##(##.(.#..........
.....# #...((()..)#


You could see a very large slime creature and an orc.

Vanquished Creatures
  Gastronok (Lair:3)
  Nessos (D:12)
  A dire elephant (Lair:6)
  2 hydras (Lair:6)
  Erica (D:8)
  3 two-headed ogres
  A fire crab (Lair:6)
  Pikel (D:7)
  A deep elf mage (D:12)
  2 ugly things
  2 cyclopes
  A manticore (Lair:6)
  4 black mambas
  A centaur skeleton (D:12)
  22 spiny frogs
  4 rime drakes
  7 komodo dragons
  A troll (D:10)
  2 tyrant leeches
  2 polar bears
  A hornet (D:11)
  Prince Ribbit (D:7)
  15 blink frogs
  7 slime creatures (D:12)
  5 dream sheep
  5 hippogriffs
  A snapping turtle (Lair:4)
  3 spriggans
  A wyvern (D:10)
  A vampire (D:10)
  35 yaks
  A basilisk (Lair:1)
  A water elemental (D:11)
  2 hungry ghosts
  6 vampire mosquitoes (Lair:6)
  A soldier ant (D:11)
  13 water moccasins
  Duvessa (D:5)
  2 hell hounds (D:8)
  10 porcupines
  4 orc warriors
  A black bear (Lair:5)
  A phantom (D:5)
  A sky beast (D:8)
  2 necrophages
  5 ogres
  4 centaurs
  12 wolves
  9 crocodiles
  A gnoll sergeant (D:5)
  23 bullfrogs
  A wyvern zombie (D:11)
  Dowan (D:5)
  A wyvern skeleton (D:10)
  3 scorpions
  14 killer bees
  8 wights
  8 electric eels
  6 howler monkeys
  2 bullfrog zombies
  A centaur zombie (D:8)
  4 hounds
  2 jellies
  A quasit (D:11)
  2 crimson imps
  5 orc priests
  12 orc wizards
  Jessica (D:2)
  11 worker ants
  A killer bee zombie (D:6)
  A hound zombie (D:8)
  A hound skeleton (D:8)
  A worker ant zombie (D:5)
  16 adders
  13 gnolls
  2 shadow imps
  2 worms
  4 dart slugs
  5 leopard geckos
  44 orcs
  9 bats
  2 giant cockroaches (D:2)
  10 goblins
  7 hobgoblins
  4 jackals
  6 kobolds
  3 quokkas
  2 ball pythons
  7 frilled lizards
  A quokka skeleton (D:4)
  7 rats
  A butterfly (Lair:6)
467 creatures vanquished.

Vanquished Creatures (others)
  A slave (D:7)
  10 fungi (Lair:6)
  38 plants
49 creatures vanquished.

Grand Total: 516 creatures vanquished

Notes
Turn   | Place    | Note
-------+----------+-------------------------------------------
     0 | D:1      | CanOfBees the Minotaur Monk began the quest for the Orb.
     0 | D:1      | Reached XP level 1. HP: 19/19 MP: 0/0
   105 | D:1      | Reached XP level 2. HP: 17/27 MP: 1/1
  1042 | D:2      | Reached XP level 3. HP: 28/33 MP: 2/2
  1442 | D:2      | Reached XP level 4. HP: 37/41 MP: 3/3
  1712 | D:2      | Noticed Jessica
  1724 | D:2      | Killed Jessica
  1929 | D:2      | Reached XP level 5. HP: 47/47 MP: 4/4
  2137 | D:3      | Found a shadowy altar of Dithmenos.
  2451 | D:3      | Reached skill level 5 in Fighting
  2451 | D:3      | Reached skill level 5 in Polearms
  2710 | D:3      | Reached skill level 5 in Dodging
  3054 | D:3      | Reached XP level 6. HP: 29/56 MP: 5/5
  3366 | D:3      | Found a stormy altar of Qazlal.
  4171 | D:4      | Reached XP level 7. HP: 62/62 MP: 6/6
  4762 | D:4      | Found a hide-covered altar of Uskayaw.
  5050 | D:5      | Entered Level 5 of the Dungeon
  5114 | D:5      | Found Loczajoh's Antique Armour Boutique.
  5381 | D:5      | Found a staircase to the Ecumenical Temple.
  5497 | Temple   | Entered the Ecumenical Temple
  5527 | Temple   | Became a worshipper of the Wu Jian Council
  5527 | Temple   | Reached * piety under Wu Jian
  5527 | Temple   | Reached ** piety under Wu Jian
  6403 | D:5      | Reached XP level 8. HP: 68/73 MP: 7/7
  6601 | D:5      | Noticed Dowan
  6602 | D:5      | Noticed Duvessa
  6619 | D:5      | Killed Duvessa
  6630 | D:5      | Killed Dowan
  7003 | D:5      | Found a runed door.
  7003 | D:5      | Noticed an angel
  7004 | D:5      | Found a glowing silver altar of Zin.
  7769 | D:6      | Found Zougutz's General Store.
  8134 | D:6      | You fall through a shaft!
  8134 | D:7      | Noticed a hippogriff
  8145 | D:7      | Noticed Prince Ribbit
  8145 | D:7      | Noticed Pikel
  8975 | D:7      | Killed a hippogriff
  8975 | D:7      | Reached XP level 9. HP: 82/82 MP: 8/8
  8982 | D:7      | Killed Prince Ribbit
  9002 | D:7      | Killed Pikel
  9195 | D:7      | Reached *** piety under Wu Jian
  9392 | D:7      | Got a faintly glowing robe
  9393 | D:7      | Identified the +0 robe of Starshine {rN++ MR+ Regen+ Stlth-} (You found it on level 7 of the Dungeon)
  9490 | D:7      | Reached skill level 1 in Armour
  9716 | D:8      | Reached skill level 10 in Polearms
  9772 | D:8      | Reached skill level 10 in Fighting
  9813 | D:8      | HP: 4/86 [poisoned by a killer bee]
  9815 | D:8      | Reached XP level 10. HP: 3/94 MP: 9/9
 10309 | D:8      | Got a pair of ichor-stained boots
 10315 | D:8      | Identified the +1 pair of boots of Udeydgho {-Tele rF+ rC+ Str+3} (You found it on level 8 of the Dungeon)
 10350 | D:8      | Found a staircase to the Lair.
 10476 | D:8      | Found a basalt altar of Yredelemnul.
 10478 | D:8      | Noticed Erica
 10486 | D:8      | Killed Erica
 10805 | D:9      | Found an ancient bone altar of Kikubaaqudgha.
 10817 | D:9      | Found a hazy altar of Hepliaklqana.
 10824 | D:9      | Found a blossoming altar of Fedhas.
 10829 | D:9      | Found a deep blue altar of Sif Muna.
 10907 | D:9      | Found a staircase to the Orcish Mines.
 10919 | D:9      | Reached **** piety under Wu Jian
 11500 | D:9      | Found a glowing silver altar of Zin.
 11806 | D:10     | Entered Level 10 of the Dungeon
 12048 | D:6      | Bought a +4 chain mail of fire resistance for 378 gold pieces
 12350 | D:10     | Reached skill level 10 in Dodging
 12430 | D:10     | Noticed a two-headed ogre
 12439 | D:10     | Killed a two-headed ogre
 12610 | D:10     | Reached skill level 5 in Armour
 12610 | D:10     | Reached XP level 11. HP: 58/102 MP: 10/10
 13601 | Lair:1   | Entered Level 1 of the Lair of Beasts
 15784 | Lair:3   | Reached skill level 1 in Evocations
 15986 | Lair:3   | Noticed Gastronok
 16007 | Lair:3   | Killed Gastronok
 16103 | Lair:3   | Reached XP level 12. HP: 113/113 MP: 12/12
 16649 | Lair:3   | Gained mutation: You possess an exceptional clarity of mind. [potion of mutation]
 16649 | Lair:3   | Gained mutation: Your system is resistant to poisons. (rPois) [potion of mutation]
 16649 | Lair:3   | Gained mutation: You are covered in fur. (AC +1) [potion of mutation]
 16649 | Lair:3   | Gained mutation: You have a pair of large horns on your head. [potion of mutation]
 17204 | Lair:4   | Found a staircase to the Shoals.
 18995 | Lair:6   | Entered Level 6 of the Lair of Beasts
 19096 | Lair:6   | Reached ***** piety under Wu Jian
 19495 | Lair:6   | Reached XP level 13. HP: 102/125 MP: 15/15
 19584 | Lair:6   | Reached skill level 15 in Fighting
 19627 | Lair:6   | Reached skill level 15 in Polearms
 19769 | Lair:6   | Found a staircase to the Slime Pits.
 19769 | Lair:6   | Found a viscous altar of Jiyva.
 21121 | Lair:6   | Noticed a dire elephant
 21131 | Lair:6   | Killed a dire elephant
 21131 | Lair:6   | Reached skill level 5 in Evocations
 21605 | Slime:1  | Entered Level 1 of the Pits of Slime
 22751 | D:11     | Upgraded the game from 0.21-a0-278-ga722497 to 0.21-a0-279-g6037ffb
 23313 | D:12     | Reached ****** piety under Wu Jian
 23340 | D:12     | Noticed Nessos
 23363 | D:12     | Killed Nessos
 23363 | D:12     | Reached XP level 14. HP: 52/138 MP: 17/17
 23824 | D:12     | Slain by a very large slime creature

Vault maps used:
D:1:      lightli_arrival_noodles, minmay_tetromino_s4
D:2:      uniq_jessica
D:3:      grunt_dithmenos_smoke, nicolae_overflow_crystal_walls, first_bread
D:4:      eat_drink_and_be_merry_uskayaw, minmay_item_behind_shaft
D:5:      minmay_temple_entry_butterflies, serial_shops, kennysheep_mini,
          minmay_misc_feat_plants, lemuel_angel_altar, uniq_duvessa
D:6:      serial_shops, shop
D:7:      uniq_prince_ribbit1, uniq_pikel
D:8:      kennysheep_little_box, minmay_lair_entry_lava, uniq_erica
D:9:      overflow_temple_1_default, grunt_temple_overflow_cloverleaf,
          david_orc_3
D:11:     serial_bayou, serial_bayou_crossing, serial_bayou_pond_a,
          serial_bayou_ford_a, serial_bayou_lake_a, hangedman_pestilent_swarm,
          kennysheep_small_spiral
D:12:     uniq_nessos
Temple:   oiseaux_autumnal_temple
Lair:1:   minivault_23, lemuel_fruit_fields
Lair:2:   spider_nest_entry_funnel_web
Lair:3:   beast_lair_carwin_2, uniq_gastronok
Lair:4:   minmay_shoals_entry_hut, grunt_megastairs_4, lemuel_fruit_fields
Lair:5:   forest_entry_grove
Lair:6:   minmay_lair_end_frog_pond, slime_altar_1, st_stairs_4,
          grunt_forest_large_clearing_hut, infiniplex_staircase_pool,
          serial_bayou_shore_b, lemuel_fruit_fields

Skill      XL: |  1  2  3  4  5  6  7  8  9 10 11 12 13 |
---------------+----------------------------------------+-----
Fighting       | 4 5 7 8 10 12 13 14 16 | 16.5
Polearms       | 4 5 6 7 9 10 11 13 14 16 | 16.2
Dodging        | 4 5 6 8 9 10 11 12 13 | 13.1
Armour         | 2 5 6 |  6.0
Evocations     | 1 4 5 |  5.6
Stealth        | |  1.9

Action                   |  1- 3 |  4- 6 |  7- 9 | 10-12 | 13-15 || total
-------------------------+-------+-------+-------+-------+-------++-------
Melee: Spear             |    78 |   179 |   157 |       |    33 ||   447
       Headbutt          |    12 |    29 |    59 |   117 |   113 ||   330
       Halberd           |       |    18 |   110 |       |       ||   128
       Glaive            |       |       |    70 |   497 |   337 ||   904
Throw: Tomahawk          |       |       |     2 |    29 |    14 ||    45
Evoke: Wand              |       |       |       |     4 |     6 ||    10
  Use: Scroll            |       |     6 |    16 |    12 |       ||    34
       Potion            |       |       |     7 |     4 |     2 ||    13
 Stab: Sleeping          |     3 |       |     3 |       |       ||     6
       Invisible         |       |       |     1 |       |       ||     1
       Paralysed         |       |       |       |       |     1 ||     1
  Eat: Chunk             |     2 |     8 |    16 |    18 |    14 ||    58
       Fruit             |       |       |     2 |     2 |     1 ||     5
       Royal jelly       |       |       |       |     4 |       ||     4
       Meat ration       |       |       |       |     1 |       ||     1
Armor: Robe              |    15 |       |       |       |       ||    15
       Leather armour    |    10 |       |       |       |       ||    10
       Ring mail         |       |    49 |   111 |    32 |       ||   192
       Chain mail        |       |       |       |   134 |    91 ||   225
Dodge: Dodged            |    70 |   104 |   248 |   310 |   176 ||   908

Table legend:
 A = Spawn XP
 B = Non-spawn XP
 C = Spawn XP percentage of total XP
 D = Spawn monster count
 E = Non-spawn monster count
 F = Spawn count percentage of total count
 G = Total turns spent on level
                    A         B        C        D         E        F      G
               +---------+---------+-------+---------+---------+-------+---------
         Total |       0 |   66531 |   0.0 |       0 |     466 |   0.0 | 23824
               +---------+---------+-------+---------+---------+-------+---------
           D:1 |       0 |      40 |   0.0 |       0 |      19 |   0.0 |  1177
           D:2 |       0 |     158 |   0.0 |       0 |      32 |   0.0 |   882
           D:3 |       0 |     236 |   0.0 |       0 |      34 |   0.0 |  1694
           D:4 |       0 |     370 |   0.0 |       0 |      14 |   0.0 |  1516
           D:5 |       0 |    1047 |   0.0 |       0 |      32 |   0.0 |  2114
           D:6 |       0 |     331 |   0.0 |       0 |      12 |   0.0 |  1276
           D:7 |       0 |    2124 |   0.0 |       0 |      24 |   0.0 |  1172
           D:8 |       0 |    2926 |   0.0 |       0 |      33 |   0.0 |  1176
           D:9 |       0 |     885 |   0.0 |       0 |      16 |   0.0 |  1126
          D:10 |       0 |    3595 |   0.0 |       0 |      23 |   0.0 |  1464
          D:11 |       0 |    4962 |   0.0 |       0 |      32 |   0.0 |  1202
          D:12 |       0 |    6456 |   0.0 |       0 |      21 |   0.0 |   752
        Lair:1 |       0 |    4035 |   0.0 |       0 |      17 |   0.0 |  1738
        Lair:2 |       0 |     339 |   0.0 |       0 |       3 |   0.0 |   509
        Lair:3 |       0 |    7875 |   0.0 |       0 |      26 |   0.0 |  1264
        Lair:4 |       0 |    4200 |   0.0 |       0 |      24 |   0.0 |  1153
        Lair:5 |       0 |    4368 |   0.0 |       0 |      23 |   0.0 |  1206
        Lair:6 |       0 |   22584 |   0.0 |       0 |      81 |   0.0 |  2340
               +---------+---------+-------+---------+---------+-------+---------
